 Dungeon Sprint DCSS version 0.28.0-43-g3370ac3207 (webtiles) character file.

Game seed: 659248819074014723

12793 boopmooplesden the Executioner (level 11, -1/124 HPs)
             Began as a Minotaur Berserker on Mar 12, 2022.
             Was the Champion of Trog.
             Slain by a golden dragon (23 damage)
             ... in the Dungeon (Sprint II: "The Violet Keep of Menkaure").
             The game lasted 00:07:16 (2075 turns).

boopmooplesden the Executioner (Minotaur Berserker) Turns: 2075, Time: 00:07:17

Health: -1/124     AC: 30    Str: 25    XL:     11   Next: 67%
Magic:  3/3        EV: 12    Int: 13    God:    Trog [******]
Gold:   43         SH:  5    Dex: 15    Spells: 10/10 levels left

rFire   + . .      SeeInvis .   w - +1 executioner's axe (antimagic)
rCold   + . .      Faith    .   (shield currently unavailable)
rNeg    . . .      Spirit   .   j - +10 plate armour "Petuw" {rElec}
rPois   +          Reflect  +   F - +2 hat
rElec   +          Harm     .   (no cloak)
rCorr   .          Rampage  .   B - +0 pair of gloves
Will    .....      Rage     1%  (no boots)
Stlth   .......... NoTele   +   s - amulet "Xeithryulu" {Reflect Drain rF+ rC+ Int+7 SH+5}
HPRegen 0.30/turn               v - +6 ring of dexterity
MPRegen 0.08/turn               H - ring of poison resistance

@: on berserk cooldown, slowed, very slow
A: horns 2, retaliatory headbutt, berserk 1
a: Renounce Religion, Berserk, Trog's Hand, Brothers in Arms


You were in the Dungeon.
You worshipped Trog.
Trog was exalted by your worship.
You visited 1 branch You collected 1854 gold pieces.
You spent 1811 gold pieces at shops.

Inventory:

Hand Weapons
 a - a +0 hand axe
 k - a +2 antimagic war axe
 t - a +4 antimagic battleaxe
 w - a +1 antimagic executioner's axe (weapon)
 y - a +1 vorpal executioner's axe
 D - a +8 antimagic quick blade
Missiles
 C - 5 silver boomerangs (quivered)
Armour
 b - a +0 animal skin
 j - the +10 plate armour "Petuw" (worn) {rElec}
   (You bought it in a shop in the Dungeon)

   rElec:     It insulates you from electricity.
 m - +0 storm dragon scales
 A - a +3 buckler
 B - a +0 pair of gloves (worn)
 F - a +2 hat (worn)
Jewellery
 i - an amulet of guardian spirit
 s - the amulet "Xeithryulu" (around neck) {Reflect Drain rF+ rC+ Int+7 SH+5}
   (You bought it in a shop in the Dungeon)

   [amulet of reflection]

   It reflects blocked missile attacks.
   Int:       It affects your intelligence (+7).
   rF:        It protects you from fire.
   rC:        It protects you from cold.
   Drain:     It drains your maximum health when unequipped.
   SH:        It affects your SH (+5).
 v - a +6 ring of dexterity (left hand)
 z - an amulet of reflection
 G - a +4 ring of protection
 H - a ring of poison resistance (right hand)
 I - a ring of willpower
Scrolls
 h - a scroll of blinking
 l - 3 scrolls of fear
 E - a scroll of fog
Potions
 c - 4 potions of curing
 d - a potion of heal wounds
 e - 4 potions of haste
 f - 5 potions of magic
 g - a potion of berserk rage
 n - 3 potions of attraction
 o - 4 potions of flight
 p - a potion of degeneration {unknown}
 r - 3 potions of resistance
 u - a potion of lignification {unknown}
 x - 4 potions of mutation {unknown}
Miscellaneous
 q - a piece from Xom's chessboard (15/15)


   Skills:
 + Level 19.7 Fighting
 + Level 22.3 Axes
 + Level 14.6 Armour
 + Level 9.5 Dodging
 + Level 3.0 Stealth
 + Level 4.1 Shields


You had 10 spell levels left.
You didn't know any spells.
Your spell library was empty.

Dungeon Overview and Level Annotations

Branches:
Dungeon (1/1)

Altars:
Cheibriados
Dithmenos
Elyvilon
Fedhas
Gozag
Hepliaklqana
Kikubaaqudgha
Makhleb
Nemelex Xobeh
Okawaru
Qazlal
Ru
Sif Muna
Trog
Uskayaw
Vehumet
Wu Jian
Xom
Yredelemnul
Zin
The Shining One
Beogh
Jiyva
Lugonu

Shops:
D =*[::[:=[*!!=:*![(?=:(!?:(*[[*?

Annotations:
D exclusions: obsidian statue and oklob plant


Innate Abilities, Weirdness & Mutations

You have a pair of horns on your head.
You reflexively headbutt those who attack you in melee.
You tend to lose your temper in combat.


Message History

There is an open door here.
The golden dragon breathes cold at you. The bolt of cold hits you!! You resist.
The golden dragon bites you but does no damage.
The golden dragon claws you.
The golden dragon tramples you but does no damage.
There is an entrance to Viesch's Magic Scroll Boutique here.
You slash the golden dragon!
The golden dragon is lightly wounded.
The golden dragon barely misses you. You furiously retaliate!
You headbutt the golden dragon! The golden dragon barely misses you.
The golden dragon tramples you but does no damage.
You hit the golden dragon.
The golden dragon is lightly wounded.
The golden dragon bites you!! The golden dragon claws you!
The golden dragon closely misses you.
You hit the golden dragon but do no damage.
Your headbutt misses the golden dragon.
The golden dragon is lightly wounded.
The golden dragon bites you!
The golden dragon claws you but does no damage.
You block the golden dragon's attack. The golden dragon barely misses you.
The golden dragon completely misses you.
The golden dragon tramples you but does no damage.
You hit the golden dragon but do no damage.
The golden dragon is lightly wounded.
The golden dragon bites you!
* * * LOW HITPOINT WARNING * * *
The golden dragon claws you but does no damage.
The golden dragon tramples you but does no damage.
You hit the golden dragon but do no damage.
The golden dragon is lightly wounded.
The golden dragon barely misses you. You furiously retaliate!
You headbutt the golden dragon, but do no damage.
The golden dragon claws you but does no damage.
The golden dragon tramples you but does no damage.
You slice the golden dragon!!
The golden dragon is moderately wounded.
The golden dragon bites you!!
You die...

######################
#.....††..#∩.∩D@'.†..#
#.....†#).#######≈####
#'######'##..####+####
#∩∩∩∩∩∩#÷.'.##≈≈§§§§≈##
#∩∩∩∩∩∩#..###§≈≈§§§≈≈≈##
#########..§§§≈≈§§§§≈≈≈#
#...####≈§§≈§§§≈≈##
#...c.≈##≈§≈§§≈≈##
############≈≈#§§§#§''##


You could see a golden dragon.

Vanquished Creatures
  A kraken (D)
  Kirke (D)
  A storm dragon (D)
  A yaktaur captain (D)
  A centaur warrior (D)
  A death yak (D)
  2 hell hogs (D)
  A skeletal warrior (D)
  2 deep trolls (D)
  2 shining eyes (D)
  An elephant (D)
  A merfolk siren (D)
  A kobold demonologist (D)
  A yaktaur (D)
  A hornet (D)
  3 polar bears (D)
  3 wyverns (D)
  3 yaks (D)
  A vampire mosquito (D)
  4 water moccasins (D)
  5 necrophages (D)
  4 scorpions (D)
  9 electric eels (D)
  An iron imp (D)
  3 worms (D)
  5 tentacles (D)
59 creatures vanquished.

Vanquished Creatures (others)
  Menkaure (D)
  A water moccasin (D)
  14 tentacles (D)
16 creatures vanquished.

Grand Total: 75 creatures vanquished

Notes
Turn   | Place    | Note
-------+----------+-------------------------------------------
     0 | D        | boopmooplesden the Minotaur Berserker began the quest for
                  | the Orb.
     0 | D        | Reached XP level 1. HP: 19/19 MP: 0/0
     1 | D        | Noticed a scorpion
     1 | D        | Noticed a scorpion
     1 | D        | Noticed a scorpion
     1 | D        | Noticed a scorpion
     7 | D        | Killed a scorpion
     8 | D        | Reached skill level 6 in Axes
     8 | D        | Reached XP level 2. HP: 31/31 MP: 1/1
     8 | D        | Reached XP level 3. HP: 38/38 MP: 2/2
    14 | D        | Killed a scorpion
    15 | D        | Reached skill level 8 in Axes
    15 | D        | Reached XP level 4. HP: 48/48 MP: 3/3
    16 | D        | Killed a scorpion
    16 | D        | Reached ** piety under Trog
    17 | D        | Reached skill level 9 in Axes
    17 | D        | Reached XP level 5. HP: 56/56 MP: 4/4
    19 | D        | Reached skill level 10 in Axes
    19 | D        | Reached skill level 5 in Armour
    19 | D        | Reached skill level 5 in Dodging
    74 | D        | Killed Menkaure
   159 | D        | Killed a water moccasin
   191 | D        | Reached *** piety under Trog
   203 | D        | Noticed a merfolk siren
   218 | D        | Killed a merfolk siren
   219 | D        | Reached skill level 12 in Axes
   219 | D        | Reached XP level 6. HP: 22/68 MP: 5/5
   219 | D        | Reached XP level 7. HP: 24/74 MP: 6/6
   457 | D        | Reached **** piety under Trog
   458 | D        | Reached skill level 13 in Axes
   502 | D        | Found Roimout's Book Shoppe.
   502 | D        | Found Vukhun's Antique Weapon Shoppe.
   502 | D        | Found Jasiusk's Distillery.
   502 | D        | Found Baukiodape's Magic Scroll Emporium.
   502 | D        | Found Ciunone's Jewellery Shoppe.
   503 | D        | Found Asud's Antique Armour Shoppe.
   503 | D        | Found Opepedgh's Distillery.
   504 | D        | Found Joomet's Jewellery Shoppe.
   504 | D        | Found Caschih's Assorted Antiques.
   504 | D        | Found Xukenim's Distillery.
   504 | D        | Noticed a polar bear
   512 | D        | Reached skill level 14 in Axes
   512 | D        | Reached XP level 8. HP: 69/86 MP: 7/7
   676 | D        | Noticed a polar bear
   678 | D        | Found Ytenawe's Antique Armour Shoppe.
   678 | D        | Found Ovoduyx's Jewellery Emporium.
   678 | D        | Noticed an oklob plant
   679 | D        | Found Oleoq's Book Shoppe.
   679 | D        | Found Boeper's Antique Armour Emporium.
   679 | D        | Found Nilesang's Book Shoppe.
   687 | D        | Bought a masterwork plate armour for 532 gold pieces
   687 | D        | Identified the +10 plate armour "Petuw" {rElec} (You bought
                  | it in a shop in the Dungeon)
   729 | D        | Found an iron altar of Okawaru.
   729 | D        | Found a radiant altar of Vehumet.
   729 | D        | Found a glowing silver altar of Zin.
   730 | D        | Found a sparkling altar of Nemelex Xobeh.
   730 | D        | Found a hide-covered altar of Uskayaw.
   731 | D        | Found an opulent altar of Gozag.
   731 | D        | Found a burning altar of Makhleb.
   731 | D        | Found a bloodstained altar of Trog.
   731 | D        | Found a basalt altar of Yredelemnul.
   732 | D        | Found a blossoming altar of Fedhas.
   732 | D        | Found a corrupted altar of Lugonu.
   732 | D        | Found a shimmering blue altar of Sif Muna.
   733 | D        | Found a white marble altar of Elyvilon.
   733 | D        | Found an ancient bone altar of Kikubaaqudgha.
   733 | D        | Found a shimmering altar of Xom.
   733 | D        | Found a sacrificial altar of Ru.
   734 | D        | Found a shadowy altar of Dithmenos.
   734 | D        | Found a viscous altar of Jiyva.
   735 | D        | Found a snail-covered altar of Cheibriados.
   737 | D        | Noticed a yaktaur
   737 | D        | Noticed a hornet
   737 | D        | Noticed a polar bear
   737 | D        | Noticed a polar bear
   741 | D        | Killed a polar bear
   742 | D        | Reached skill level 15 in Axes
   742 | D        | Noticed a polar bear
   750 | D        | Killed a polar bear
   750 | D        | Reached ***** piety under Trog
   754 | D        | Killed a hornet
   762 | D        | Killed a yaktaur
   763 | D        | Reached skill level 16 in Axes
   763 | D        | Reached XP level 9. HP: 94/96 MP: 8/8
   765 | D        | Killed a polar bear
   766 | D        | Reached skill level 15 in Fighting
   886 | D        | Noticed a kraken
   910 | D        | Received a gift from Trog
   911 | D        | Reached skill level 17 in Axes
   918 | D        | Found a hazy altar of Hepliaklqana.
   919 | D        | Found a stormy altar of Qazlal.
   919 | D        | Found an ornate altar of the Wu Jian Council.
   990 | D        | Noticed a deep troll
   990 | D        | Noticed a deep troll
  1004 | D        | Killed a deep troll
  1005 | D        | Reached skill level 1 in Stealth
  1012 | D        | Killed a deep troll
  1013 | D        | Reached skill level 18 in Axes
  1134 | D        | Found a glowing golden altar of the Shining One.
  1142 | D        | Noticed an obsidian statue
  1420 | D        | Killed a kraken
  1421 | D        | Reached skill level 10 in Armour
  1421 | D        | Reached XP level 10. HP: 111/111 MP: 3/9
  1497 | D        | Bought the amulet "Xeithryulu" {Reflect Drain rF+ rC+ Int+7
                  | SH+5} for 781 gold pieces
  1531 | D        | Received a gift from Trog
  1532 | D        | Reached skill level 19 in Axes
  1535 | D        | Reached ****** piety under Trog
  1680 | D        | Noticed Kirke
  1680 | D        | Noticed a yaktaur captain
  1680 | D        | Noticed a skeletal warrior
  1680 | D        | Noticed a centaur warrior
  1694 | D        | Killed a yaktaur captain
  1702 | D        | Killed Kirke
  1702 | D        | Received a gift from Trog
  1703 | D        | Killed a skeletal warrior
  1725 | D        | Noticed a shining eye
  1725 | D        | Noticed an elephant
  1730 | D        | Reached skill level 20 in Axes
  1730 | D        | Reached skill level 1 in Shields
  1735 | D        | Killed an elephant
  1735 | D        | Noticed a shining eye
  1736 | D        | Reached XP level 11. HP: 107/121 MP: 3/10
  1739 | D        | Killed a shining eye
  1740 | D        | Gained mutation: You tend to lose your temper in combat. [a
                  | shining eye]
  1742 | D        | Killed a shining eye
  1751 | D        | Killed a centaur warrior
  1758 | D        | Received a gift from Trog
  1774 | D        | Noticed a hell hog
  1774 | D        | Noticed a hell hog
  1784 | D        | Killed a hell hog
  1785 | D        | Killed a hell hog
  1786 | D        | Reached skill level 21 in Axes
  1959 | D        | Noticed a death yak
  1973 | D        | Killed a death yak
  1973 | D        | Received a gift from Trog
  1995 | D        | Found Liptog's Jewellery Emporium.
  1995 | D        | Found Cuabez's Assorted Antiques.
  1996 | D        | Found Guget's Antique Armour Shop.
  1996 | D        | Found Luadghidd's Assorted Antiques.
  1996 | D        | Found Itupta's Book Boutique.
  1996 | D        | Found Niphytta's Antique Weapon Emporium.
  1996 | D        | Found Axata's Book Shop.
  1996 | D        | Found Secsyla's Book Shoppe.
  1996 | D        | Found Tuoxzinue's Distillery.
  1996 | D        | Found Wothru's Assorted Antiques.
  1996 | D        | Found Royggy's Magic Scroll Shop.
  1996 | D        | Found Rymnaof's Antique Weapon Shoppe.
  2006 | D        | Bought a glowing hat for 168 gold pieces
  2013 | D        | Bought a gilded ring for 90 gold pieces
  2015 | D        | Bought a diamond ring for 120 gold pieces
  2015 | D        | Bought an onyx ring for 120 gold pieces
  2048 | D        | Noticed a storm dragon
  2060 | D        | Killed a storm dragon
  2061 | D        | Reached skill level 22 in Axes
  2067 | D        | Found Viesch's Magic Scroll Boutique.
  2067 | D        | Found Xorop's General Store.
  2067 | D        | Found Sekkin's Armour Shop.
  2067 | D        | Found Xemear's Armour Boutique.
  2067 | D        | Noticed a golden dragon
  2075 | D        | Slain by a golden dragon

Illustrated notes

Levels and vault maps discovered:
D:        the_violet_keep_of_menkaure [sprint2_stairs_cluster_1,
          sprint2_shoproom, sprint2_temple, sprint2_basic_supplies,
          sprint2_obstacle_4, sprint2_obstacle_3, sprint2_obstacle_7,
          sprint2_obstacle_6, sprint2_obstacle_1, sprint2_timed_cluster_1,
          sprint2_smallroom_cluster_1, sprint2_smallroom_final_cluster_1,
          sprint2_transparent_cluster_1, sprint2_second_timed_cluster_1,
          sprint2_sniper_area_1, sprint2_heavy_combat_area_1,
          sprint2_mutation_trap_area_1, sprint2_forest_area_1,
          sprint2_light_combat_area_1, sprint2_behind_water_1,
          sprint2_near_end_vault_1]

Skill      XL: |  1  2  3  4  5  6  7  8  9 10 11 |
---------------+----------------------------------+-----
Fighting       | 6 7 8 11 13 14 17 18 19 | 19.7
Axes           | 6 8 9 12 14 16 18 20 22 | 22.3
Armour         | 3 4 6 7 10 13 14 | 14.6
Dodging        | 3 4 6 7 8 9 |  9.5
Stealth        | 1 2 3 |  3.0
Shields        | 1 4 |  4.1

Action                   |  1- 3 |  4- 6 |  7- 9 | 10-12 || total
-------------------------+-------+-------+-------+-------++-------
Melee: Hand axe          |    12 |    24 |    67 |       ||   103
       Headbutt          |     1 |     5 |    17 |    18 ||    41
       Punch             |       |       |     1 |       ||     1
       War axe           |       |       |    40 |    14 ||    54
       Battleaxe         |       |       |       |    13 ||    13
       Executioner's axe |       |       |       |    62 ||    62
Invok: Berserk           |     1 |       |     5 |     3 ||     9
  Use: Scroll            |       |       |       |     9 ||     9
       Potion            |       |       |       |     3 ||     3
Armor: Animal skin       |       |       |     2 |       ||     2
       Plate armour      |       |       |    62 |    59 ||   121
Dodge: Dodged            |     5 |     5 |    44 |    42 ||    96
Block: Other             |       |       |       |    16 ||    16
       Reflection        |       |       |       |     4 ||     4
